 Dungeon Crawl Stone Soup version 0.20.1-1-g8b1a95d (webtiles) character file.

52 letownia2 the Grave Robber (level 3, -8/28 HPs)
             Began as a Deep Dwarf Necromancer on Nov 12, 2017.
             Mangled by a gnoll
             ... wielding a +0 flail
              (10 damage)
             ... on level 3 of the Dungeon.
             The game lasted 00:02:18 (813 turns).

letownia2 the Grave Robber (Deep Dwarf Necromancer)  Turns: 813, Time: 00:02:19

Health: -8/28      AC:  3    Str: 11    XL:     3   Next: 60%
Magic:  1/6        EV: 12    Int: 16    God:
Gold:   43         SH:  0    Dex: 13    Spells: 5/6 levels left

rFire    . . .     SeeInvis .   a - -1 dagger (curse)
rCold    . . .     Gourm    .   (no shield)
rNeg     . . .     Faith    .   f - +0 leather armour
rPois    .         Spirit   .   (no helmet)
rElec    .         Reflect  .   (no cloak)
rCorr    .         Harm     .   (no gloves)
MR       .....                  (no boots)
Stlth    ++........             (no amulet)
Regen    0.0/turn               (no ring)
MPRegen  0.1/turn               (no ring)

@: non-regenerating
A: damage resistance, heal wounds, sense surroundings 1, no regeneration
a: Heal Wounds


You were on level 3 of the Dungeon.
You were not hungry.

You visited 1 branch of the dungeon, and saw 3 of its levels.

You collected 43 gold pieces.

Inventory:

Hand Weapons
 a - a cursed -1 dagger (weapon)
 g - a +2 dagger of draining
 j - a +0 quarterstaff
Armour
 e - a +0 robe
 f - a +0 leather armour (worn)
Scrolls
 d - a scroll of identify {unknown}
 i - 2 scrolls of remove curse {unknown}
 k - a scroll of fog {unknown}
Potions
 h - a potion of heal wounds {unknown}
Books
 b - a book of Necromancy

   Spells                             Type                      Level
   a - Pain                           Necromancy                   1
   b - Animate Skeleton               Necromancy                   1
   c - Vampiric Draining              Necromancy                   3
   d - Regeneration                   Charms/Necromancy            3
   e - Animate Dead                   Necromancy                   4
   f - Control Undead                 Necromancy                   4
Comestibles
 c - 2 bread rations
 l - 5 chunks of flesh


   Skills:
 - Level 2.1 Dodging
 - Level 2.4 Stealth
 - Level 2.1 Spellcasting
 + Level 5.6 Necromancy


You had 5 spell levels left.
You knew the following spells:

 Your Spells              Type           Power        Failure   Level  Hunger
a - Pain                  Necr           ###.         2%          1    #......


Dungeon Overview and Level Annotations

Branches:
Dungeon (3/15)

Altars:

Annotations:
D:2 1 runed door


Innate Abilities, Weirdness & Mutations

You are resistant to damage.
You can heal yourself by infusing magical energy.
You passively map a small area around you.
You do not regenerate.


Message History

Press: ? - help, Shift-Dir - straight line, f/p - gnoll
Aim: a gnoll, wielding a flail (moderately wounded, chance to defeat MR: 84%)
The gnoll writhes in agony!
The gnoll closely misses you.
Unknown command.
Unknown command.
Casting: Pain
Confirm with . or Enter, or press ? or * to list all spells.
Aiming: Pain
Press: ? - help, Shift-Dir - straight line, f/p - gnoll
Aim: a gnoll, wielding a flail (heavily wounded, chance to defeat MR: 84%)
The gnoll writhes in agony!
The gnoll barely misses you.
Unknown command.
Unknown command.
Casting: Pain
Confirm with . or Enter, or press ? or * to list all spells.
Aiming: Pain
Press: ? - help, Shift-Dir - straight line, f/p - gnoll
Aim: a gnoll, wielding a flail (severely wounded, chance to defeat MR: 84%)
The gnoll barely resists.
The gnoll hits you with a flail!
You die...

, * * *#......###.. ,* ,
,............ , *
####......###. *
#<...#....###. , ,
##.###.......#. , *
###.>##.......... * *
##...##.........). * *
##.g####........... *
###.@## #.......)... *
*####...#######.......^..
.......................##
...................######
####################


You could see a gnoll.

Vanquished Creatures
  3 gnolls (D:3)
  An adder (D:2)
  A leopard gecko (D:2)
  5 goblins
  A hobgoblin (D:1)
  2 jackals (D:1)
  A kobold (D:1)
14 creatures vanquished.

Notes
Turn   | Place    | Note
-------+----------+-------------------------------------------
     0 | D:1      | letownia2 the Deep Dwarf Necromancer began the quest for the Orb.
     0 | D:1      | Reached XP level 1. HP: 15/15 MP: 3/3
   296 | D:1      | Reached XP level 2. HP: 17/22 MP: 0/5
   511 | D:2      | Reached skill level 5 in Necromancy
   540 | D:2      | Found a runed door.
   642 | D:3      | Reached XP level 3. HP: 10/28 MP: 0/6
   813 | D:3      | Mangled by a gnoll

Skill      XL: |  1  2 |
---------------+-------+-----
Spellcasting   | 2 |  2.1
Necromancy     | 5 |  5.6
Dodging        | |  2.1
Stealth        | |  2.4

Action                   || total
-------------------------++-------
Melee: Dagger            ||    12
 Cast: Pain              ||    41
  Use: Scroll            ||     2
Armor: Robe              ||     3
       Leather armour    ||     1
Dodge: Dodged            ||    24
